 Dungeon Crawl Stone Soup version 0.13-a0-2733-g5d3b754 (console) character file.

271 dvdkon the Gusty (level 4, -5/24 HPs)
             Began as a Tengu Air Elementalist on Aug 18, 2013.
             Slain by Crazy Yiuf
             ... wielding a +2,+2 quarterstaff of chaos
              (7 damage)
             ... on Level 3 of the Dungeon on Aug 20, 2013.
             The game lasted 01:18:16 (2762 turns).

dvdkon the Gusty (Tengu Air Elementalist)           Turns: 2762, Time: 01:18:16

HP  -5/24        AC  2     Str 13      XL: 4   Next: 49%
MP   8/8         EV 13     Int 17      God:
Gold 185         SH  0     Dex 14      Spells:  2 memorised,  2 levels left

Res.Fire  : . . .   See Invis. : .   l - +0,+1 dwarf sabre
Res.Cold  : . . .   Warding    : .   a - +0 robe
Life Prot.: . . .   Conserve   : .   (no shield)
Res.Poison: +       Res.Corr.  : .   (helmet restricted)
Res.Elec. : .       Clarity    : .   (no cloak)
Sust.Abil.: . .     Spirit.Shd : .   (no gloves)
Res.Mut.  : .       Stasis     : .   (boots unavailable)
Res.Rott. : .       Flight     : .   (no amulet)
Saprovore : . . .                    n - ring of poison resistance {unknown}
                                     e - +5 ring of strength

@: slightly resistant to hostile enchantments, fairly stealthy
A: beak, talons 3
a: no special abilities


You were on level 3 of the Dungeon.
You were not hungry.

You visited 1 branch of the dungeon, and saw 3 of its levels.

You collected 165 gold pieces.

Inventory:

Hand weapons
 i - a +2,+0 elven short sword
 l - a +0,+1 dwarven sabre (weapon)
Missiles
 c - 11 arrows
 d - 39 stones
 f - 34 sling bullets
 g - 40 darts (quivered)
 k - 14 sling bullets of frost
Armour
 a - a +0 robe (worn)
Scrolls
 h - 2 scrolls of identify
 j - a scroll of teleportation
Jewellery
 e - a +5 ring of strength (left hand)
 n - a ring of poison resistance (right hand) {unknown}
Potions
 o - a potion of restore abilities {unknown}
Books
 b - a book of Air

   Spells                             Type                      Level
   *Shock                             Conjuration/Air              1
   Swiftness                          Charms/Air                   2
   Repel Missiles                     Charms/Air                   2
   Flight                             Charms/Air                   3
   *Static Discharge                  Conjuration/Air              3
   Lightning Bolt                     Conjuration/Air              5
Carrion
 m - a rotting giant newt corpse


   Skills:
 + Level 0.2 Short Blades
 + Level 3.0 Dodging
 + Level 2.5 Stealth
 + Level 1.5 Spellcasting
 + Level 2.2 Conjurations
 + Level 5.2 Air Magic


You had 2 spell levels left.
You knew the following spells:

 Your Spells              Type           Power        Failure   Level  Hunger
a - Shock                 Conj/Air       ##..         4%          1    ##.....
b - Static Discharge      Conj/Air       ##......     14%         3    ####...


Dungeon Overview and Level Annotations

Branches:
Dungeon (3/27)

Altars:
Fedhas
Nemelex Xobeh
Okawaru

Annotations
D:3 Crazy Yiuf


Innate Abilities, Weirdness & Mutations

You have a beak for a mouth.
You have claws for feet.


Message History

Press: ? - help, Shift-Dir - straight line, f - Crazy Yiuf
Aim: Crazy Yiuf, wielding a quarterstaff of chaos and wearing a cloak That beam is likely to hit you.
Continue anyway?
Okay, then.
You hit Crazy Yiuf. Your kick misses Crazy Yiuf.
Crazy Yiuf is lightly wounded.
Crazy Yiuf hits you with a quarterstaff of chaos!
Ouch! That really hurt!
Crazy Yiuf burns you!
* * * LOW HITPOINT WARNING * * *
You hit Crazy Yiuf. Your kick misses Crazy Yiuf.
Crazy Yiuf is moderately wounded.
Crazy Yiuf misses you.
Crazy Yiuf hits you with a quarterstaff of chaos.
* * * LOW HITPOINT WARNING * * *
You hit Crazy Yiuf. You claw Crazy Yiuf, but do no damage.
Crazy Yiuf is heavily wounded.
Crazy Yiuf whimpers, "Mugger!"
Crazy Yiuf hits you with a quarterstaff of chaos!
You die...

########### ..........#
♣♣♣♣♣♣# ........#.#
♣♣♣♣♣♣♣♣### #.......#.#
#####♣♣♣.♣..#.## ###....##.#
#...#♣..♣......##
###....##.#
#..g@.♣♣♣♣.♣....#
..........#
#)..#♣♣♣♣♣♣.#...#
###.#.###.#
#####♣♣♣♣♣♣♣##..# #.#.# #.#
♣♣♣##.## #.#.# #.# #.#
###.#.###.################.#
.##.#.............<........#
....####.......##...########
....# #.......###.## ....#
#.......# #.#
....####.......# #.#


You could see Crazy Yiuf.

Vanquished Creatures
  An iguana (D:2)
  An adder (D:2)
  2 giant geckos (D:2)
  2 orcs (D:2)
  A ball python (D:1)
  2 giant cockroaches (D:2)
  9 goblins
  4 hobgoblins
  2 jackals (D:2)
  2 quokkas (D:3)
  3 bats
  3 giant newts
  10 kobolds
  7 rats
49 creatures vanquished.

Notes
Turn   | Place    | Note
--------------------------------------------------------------
     0 | D:1      | dvdkon, the Tengu Air Elementalist, began the quest for the Orb.
     0 | D:1      | Reached XP level 1. HP: 10/10 MP: 3/3
   446 | D:1      | Reached XP level 2. HP: 15/15 MP: 5/5
  1259 | D:1      | Upgraded the game from 0.13-a0-2719-g654be61 to 0.13-a0-2725-gfd4ef73
  1428 | D:2      | Found a sparkling altar of Nemelex Xobeh.
  1464 | D:2      | Reached XP level 3. HP: 19/19 MP: 2/6
  1466 | D:2      | Reached skill level 5 in Air Magic
  1552 | D:2      | Learned a level 3 spell: Static Discharge
  1565 | D:2      | Upgraded the game from 0.13-a0-2725-gfd4ef73 to 0.13-a0-2733-g5d3b754
  2064 | D:2      | Reached XP level 4. HP: 24/24 MP: 0/8
  2254 | D:2      | Found an iron altar of Okawaru.
  2661 | D:3      | Found a blossoming altar of Fedhas.
  2758 | D:3      | Noticed Crazy Yiuf
  2762 | D:3      | Slain by Crazy Yiuf

Action                   |  1- 3 |  4- 6 || total
-------------------------+-------+-------++-------
Melee: Dagger            |    17 |       ||    17
       Short sword       |    19 |       ||    19
       Sabre             |    12 |    13 ||    25
Throw: Dart              |     2 |       ||     2
 Cast: Shock             |    47 |     6 ||    53
       Static Discharge  |     2 |     2 ||     4
  Use: Potion            |     3 |     1 ||     4
       Scroll            |     7 |     3 ||    10
 Stab: Sleeping          |     1 |       ||     1
